 Dungeon Crawl Stone Soup version 0.28-a0-43-g560ac104fe (webtiles) character file.

Game seed: 10173433804460023756

131 robertstho the Ruffian (level 4, 0/45 HPs)
             Began as a Troll Berserker on July 28, 2021.
             Was a Believer of Trog.
             Succumbed to an orc wizard's poison
             ... on level 3 of the Dungeon.
             The game lasted 00:02:02 (1348 turns).

robertstho the Ruffian (Troll Berserker)            Turns: 1348, Time: 00:02:03

Health: 0/45       AC:  5    Str: 24 (25) XL:     4   Next: 91%
Magic:  3/3        EV: 10    Int:  1 (4)  God:    Trog [**....]
Gold:   131        SH:  0    Dex:  7 (9)  Spells: 3/3 levels left

rFire   . . .      SeeInvis .     - Unarmed
rCold   . . .      Faith    .   (no shield)
rNeg    . . .      Spirit   .   a - +0 animal skin
rPois   .          Reflect  .   (helmet restricted)
rElec   .          Harm     .   k - +0 cloak
rCorr   .          Rampage  .   (gloves unavailable)
Will    .....                   (boots unavailable)
Stlth   +.........              (no amulet)
HPRegen 1.15/turn               (no ring)
MPRegen 0.08/turn               (no ring)

@: confused, lethally poisoned (0 -> -13), very slightly contaminated, invisible
A: large, unfitting armour, claws 3, regeneration 1, shaggy fur 1, tough skin 1
a: Renounce Religion, Berserk, Trog's Hand


You were on level 3 of the Dungeon.
You worshipped Trog.
Trog was pleased with you.
You visited 1 branch of the dungeon, and saw 3 of its levels.

You collected 131 gold pieces.

Inventory:

Armour
 a - a +0 animal skin (worn)
 k - a +0 cloak (worn)
Scrolls
 c - 2 scrolls of identify {unknown}
 e - a scroll of enchant weapon {unknown}
 f - 3 scrolls of enchant armour {unknown}
 h - a scroll of teleportation {unknown}
 i - a scroll of fear {unknown}
Potions
 d - a potion of degeneration


   Skills:
 * Level 3.2 Fighting
 * Level 1.3 Armour
 + Level 2.9 Dodging
 + Level 4.0 Unarmed Combat


You had 3 spell levels left.
You didn't know any spells.
Your spell library was empty.

Dungeon Overview and Level Annotations

Branches:
Dungeon (3/15)

Altars:
Xom


Innate Abilities, Weirdness & Mutations

You are too large for most types of armour.
You have claws for hands.
Your natural rate of healing is unusually fast.
You are covered in fur. (AC +1)
You have tough skin. (AC +1)


Message History

You feel sick.
You feel sick.
You feel sick. Something hits you but does no damage.
You are more poisoned.
You miss something.
You feel very sick. Something hits you.
You are more poisoned.
You closely miss something.
You feel very sick.
You hear some strange, mumbled words.
You are more confused.
You completely miss something.
You feel very sick. Something hits you.
You barely miss something.
You feel very sick. Something hits you.
You are more poisoned.
You bump into the translucent rock wall.
You feel less invigorated.
You feel very sick. Something hits you.
You are more poisoned.
Okay, then.
You barely miss something.
You feel extremely sick. Something hits you.
You are lethally poisoned!
You are too confused!
Unknown command.
Okay, then.
* * * LOW HITPOINT WARNING * * *
You feel extremely sick.
You hear some strange, mumbled words.
You are more confused.
* * * LOW HITPOINT WARNING * * *
You feel very sick.
You bump into the translucent rock wall.
You die...

#.#.# #.# #........#.# .#
#.#.#.##.# #.#......#.# .# .
#.#....###.#......#.## .#
####.#...............#..# .#
#....#...<###.#.##.####.##.#
#.#######.##.......###.#...#
#....#)...##.......##.###..#
####.#.#####.##.#...##.#.##.#
# #.#.# #.#..@.......## .# #
#...# #.#.#.#.#.#.#.......
#...# #.#...........#####.
####..(##### #.#$#.#.#...#
..# ............
#..)........# .# ...>........
#.#)#.#.#...# # ...#######..
#............. ##......). #
#.#.#.#.#...### ##########
#.....!.......


There were no monsters in sight!

Vanquished Creatures
  Crazy Yiuf (D:2)
  Jessica (D:2)
  2 adders (D:2)
  A worm (D:2)
  2 dart slugs
  2 orcs (D:3)
  5 ball pythons
  3 endoplasms (D:3)
  2 giant cockroaches
  7 goblins
  A hobgoblin (D:1)
  8 jackals (D:1)
  4 kobolds
  A quokka (D:1)
  A bat (D:2)
  2 frilled lizards
  5 rats
48 creatures vanquished.

Vanquished Creatures (others)
  2 fungi (D:2)
2 creatures vanquished.

Grand Total: 50 creatures vanquished

Notes
Turn   | Place    | Note
-------+----------+-------------------------------------------
     0 | D:1      | robertstho the Troll Berserker began the quest for the Orb.
     0 | D:1      | Reached XP level 1. HP: 22/22 MP: 0/0
    51 | D:1      | Reached XP level 2. HP: 29/29 MP: 1/1
   228 | D:1      | Reached XP level 3. HP: 36/36 MP: 2/2
   229 | D:1      | Reached ** piety under Trog
   497 | D:2      | Found a shimmering altar of Xom.
   599 | D:2      | Noticed Jessica
   602 | D:2      | Killed Jessica
   603 | D:2      | Reached skill level 1 in Armour
   678 | D:2      | Reached XP level 4. HP: 45/45 MP: 3/3
  1131 | D:2      | Found a runed translucent door.
  1132 | D:2      | Noticed Crazy Yiuf
  1140 | D:2      | Killed Crazy Yiuf
  1141 | D:2      | Reached skill level 4 in Unarmed Combat
  1348 | D:3      | Succumbed to an orc wizard's poison

Illustrated notes

Levels and vault maps discovered:
D:1:      scummos_arrival_simple_fountains, layout_rooms, serial_glass,
          glass_columns_b, glass_columns_a, minmay_strange_pillars
D:2:      layout_basic, basic_altar, dk_noncrumbling_4, uniq_jessica,
          uniq_crazy_yiuf_cottage
D:3:      layout_loops_cross, trog_butcher_becter, serial_co_window_serial,
          co_window_corner_a, co_window_paths_a, co_window_paths_b,
          co_window_paths_b, co_window_of_opportunity_a,
          co_window_of_opportunity_a, co_window_corner_a,
          co_window_of_opportunity_a, co_window_paths_b, co_window_corner_b,
          co_window_paths_c, co_window_unsneaky_path_a, co_window_corner_cb,
          co_window_corner_ca, glass_columns_c, glass_columns_b,
          glass_columns_b, glass_columns_c, glass_columns_c, uniq_terence

Skill      XL: |  1  2  3  4 |
---------------+-------------+-----
Fighting       | 3 |  3.2
Armour         | 1 |  1.3
Unarmed Combat | 4 |  4.0
Dodging        | |  2.9

Action                   |  1- 3 |  4- 6 || total
-------------------------+-------+-------++-------
Melee: Unarmed           |    73 |    54 ||   127
       Punch             |     1 |     2 ||     3
Invok: Berserk           |       |     1 ||     1
  Use: Potion            |       |     3 ||     3
       Scroll            |       |     1 ||     1
 Stab: Sleeping          |       |     1 ||     1
Armor: Animal skin       |    34 |    13 ||    47
Dodge: Dodged            |    43 |    11 ||    54

Table legend: (Time is in decaauts)
 A = Elapsed time spent in this place.
 B = Non-inter-level travel time spent in this place.
 C = Inter-level travel time spent in this place.
 D = Time resting spent in this place.
 E = Time spent auto-exploring this place.
 F = Levels seen in this place.
 G = Mean time per level.
                   A        B        C        D        E       F      G
               +--------+--------+--------+--------+--------+-----+--------+
         Total |   1349 |   1277 |     72 |      0 |   1004 |   3 |  449.7 |
       Dungeon |   1349 |   1277 |     72 |      0 |   1004 |   3 |  449.7 |
               +--------+--------+--------+--------+--------+-----+--------+

Top non-repeatable levels by time:
     D:2: 784 daAuts
     D:1: 414 daAuts
     D:3: 150 daAuts
